 Dungeon Crawl Stone Soup version 0.30.1-11-g7821555f0a (webtiles) character file.

Game seed: 4728229840058180270

40056 Peloso the Fencer (level 13, -14/124 HPs)
             Began as a Minotaur Fighter on Nov 7, 2023.
             Was the Champion of Okawaru.
             Killed from afar by an orc sorcerer (33 damage)
             ... with a bolt of fire
             ... led by an orc high priest
             ... on level 1 of the Orcish Mines.
             The game lasted 00:31:56 (18173 turns).

Peloso the Fencer (Minotaur Fighter)               Turns: 18173, Time: 00:31:57

Health: -14/124    AC: 22    Str: 21    XL:     13   Next: 72%
Magic:  14/14      EV: 14    Int:  5    God:    Okawaru [******]
Gold:   1000       SH:  8    Dex: 22    Spells: 12/12 levels left

rFire   . . .        a - +4 double sword (elec)
rCold   . . .        d - +0 buckler
rNeg    . . .        O - +5 scale mail "Rouvac" {Dex+4 Stlth+}
rPois   .            (helmet restricted)
rElec   .            s - +0 cloak
rCorr   .            I - +2 pair of gloves {Dex+3}
SInv    .            y - +1 pair of boots {Stlth+}
Will    +....        w - amulet of faith
Stlth   +++          m - ring of willpower
HPRegen 0.40/turn    (no ring)
MPRegen 0.14/turn

%: faith
@: no status effects
A: horns 2, retaliatory headbutt
a: Renounce Religion, Heroism, Finesse, Duel


You were on level 1 of the Orcish Mines.
You worshipped Okawaru.
Okawaru was exalted by your worship.
You visited 4 branches of the dungeon, and saw 17 of its levels.

You collected 1486 gold pieces.
You spent 486 gold pieces at shops.

Inventory:

Hand Weapons
 a - a +4 double sword of electrocution (weapon)
 b - a +1 long sword
Missiles
 Q - 2 throwing nets (quivered)
Armour
 c - a +0 pair of boots
 d - a +0 buckler (worn)
 s - a +0 cloak (worn)
 t - a +0 plate armour
 y - a +1 pair of boots of stealth (worn)
 I - a +2 pair of gloves of dexterity (worn)
 O - the +5 scale mail "Rouvac" (worn) {Dex+4 Stlth+}
   (Okawaru gifted it to you on level 11 of the Dungeon)

   Dex:       It affects your dexterity (+4).
   Stlth:     It makes you more stealthy.
Jewellery
 h - a ring of flight
 m - a ring of willpower (left hand)
 n - a ring of resist corrosion
 r - an amulet of magic regeneration
 w - an amulet of faith (around neck)
 B - a ring of protection from cold
 D - a ring of see invisible
 N - a ring of fire
 T - a +6 ring of strength
Wands
 u - a wand of digging (6)
 v - a wand of polymorph (8)
 G - a wand of flame (34)
 H - a wand of roots (2)
 S - a wand of paralysis (11)
Scrolls
 g - 3 scrolls of poison
 i - 6 scrolls of fear
 j - 6 scrolls of noise
 k - 2 scrolls of silence
 l - 4 scrolls of amnesia
 o - 4 scrolls of teleportation
 A - 2 scrolls of immolation
 F - a scroll of fog
 J - 2 scrolls of magic mapping
 R - a scroll of blinking
 U - a scroll of acquirement {unknown}
Potions
 e - 6 potions of curing
 f - a potion of mutation
 p - 2 potions of invisibility
 q - 3 potions of brilliance {unknown}
 z - 6 potions of degeneration {unknown}
 C - 2 potions of berserk rage {unknown}
 E - 3 potions of might
 K - 2 potions of resistance {unknown}
 L - 3 potions of flight {unknown}
 M - 4 potions of lignification {unknown}
 P - 3 potions of haste
Miscellaneous
 x - a phantom mirror


   Skills:
 + Level 14.1 Fighting
 + Level 16.9 Long Blades
 + Level 13.1 Armour
 + Level 6.9 Dodging
 + Level 2.7 Stealth
 + Level 10.7 Shields
 + Level 2.8 Invocations
 + Level 1.6 Evocations


You had 12 spell levels left.
You didn't know any spells.
Your spell library contained the following spells:

 Spells                   Type           Power      Damage    Failure   Level
 Freeze                   Ice            0%         1d3       78%         1
 Necrotise                Necr           0%         1d4       78%         1
 Sandblast                Erth           0%         2d4       78%         1
 Passwall                 Tmut/Erth      0%         N/A       89%         2
 Dazzling Flash           Conj/Hex       0%         N/A       98%         3
 Frozen Ramparts          Ice            0%         1d1       98%         3
 Hailstorm                Conj/Ice       0%         3d3       98%         3
 Stone Arrow              Conj/Erth      0%         3d7       98%         3
 Vampiric Draining        Necr           0%         2d6       98%         3
 Agony                    Necr           0%         N/A       100%        5
 Freezing Cloud           Conj/Ice/Air   0%         6-21      100%        5
 Silence                  Hex/Air        0%         N/A       100%        5
 Ozocubu's Refrigeration  Ice            0%         4d7       100%        7


Dungeon Overview and Level Annotations

Branches:
Dungeon (12/15)            Temple (1/1) D:4            Lair (3/5) D:9
  Swamp (0/4) Lair:3        Snake (0/4) Lair:2          Orc (1/2) D:12

Altars:
Ashenzari
Cheibriados
Dithmenos
Elyvilon
Fedhas
Gozag
Hepliaklqana
Kikubaaqudgha
Makhleb
Nemelex Xobeh
Okawaru
Qazlal
Ru
Sif Muna
Trog
Uskayaw
Vehumet
Wu Jian
Xom
Yredelemnul
Zin
The Shining One

Shops:
D:1 :   D:4 (==   D:5 =

Portals:
Trove: D:11 (give heavy crossbow "Sniper")

Annotations:
D:4 2 runed translucent doors, paradise's ghost, amateur HOMo
D:12 exclusion: oklob sapling
Lair:2 2 transporters


Innate Abilities, Weirdness & Mutations

You have a pair of horns on your head.
You reflexively headbutt those who attack you in melee.


Message History

Okawaru is honoured by your kill.
The ice devil disappears in a puff of smoke!
Unknown command.
Unknown command.
You feel better.
The orc warrior hits you but does no damage.
You block the orc sorcerer's attack. You block the troll's attack.
The troll claws you.
* * * LOW HITPOINT WARNING * * *
The troll claws you but does no damage.
Unknown command.
You feel better. The orc warrior closely misses you.
The orc sorcerer completely misses you. The troll barely misses you.
The troll closely misses you. The troll claws you but does no damage.
Unknown command.
You hit the orc sorcerer. Your headbutt misses the orc sorcerer.
The orc sorcerer is lightly wounded.
The orc warrior closely misses you.
The orc sorcerer hits you but does no damage.
The troll bites you.
* * * LOW HITPOINT WARNING * * *
The troll closely misses you. The troll claws you but does no damage.
You miss the orc sorcerer.
The orc sorcerer is lightly wounded.
The orc warrior hits you but does no damage.
The orc sorcerer hits you but does no damage.
You block the troll's attack. The troll misses you. The troll claws you!
* * * LOW HITPOINT WARNING * * *
Unknown command.
You completely miss the orc sorcerer.
The orc sorcerer is lightly wounded.
You block the orc warrior's attack.
The orc sorcerer hits you but does no damage.
You block the troll's attack.
The troll claws you but does no damage. x2
Unknown command.
You feel better.
The orc warrior hits you but does no damage.
The orc sorcerer casts a spell at you. The bolt of fire hits you!!
You die...

#### #######
.#$..###.#....#.
............$....
#...............#
.##................
.......)o.......$...
...$..o@............
......T.............
....................
#..........>........
#...................
....................
#...........$......#
###...........#.####
#...#.......##.##


You could see a troll, an orc sorcerer and an orc warrior.

Vanquished Creatures
  5 hydras
  Harold (Lair:2)
  A catoblepas (D:9)
  A boulder beetle (Lair:3)
  An orc high priest (Orc:1)
  3 two-headed ogres
  Sonja (Lair:1)
  2 skysharks
  A bog body (Lair:3)
  An orange crystal statue (D:9)
  A deep elf pyromancer (D:12)
  An ugly thing (D:12)
  A cyclops (D:12)
  6 elephants (Lair:1)
  A black mamba (Lair:3)
  Joseph (D:9)
  4 torpor snails (Lair:1)
  A gargoyle (D:11)
  6 cane toads
  An unseen horror (D:11)
  Maggie (Lair:1)
  A rime drake (Lair:3)
  8 komodo dragons
  4 trolls
  5 dream sheep (D:8)
  10 blink frogs
  4 slime creatures (D:12)
  4 shadows
  3 wyverns
  38 yaks
  A basilisk (Lair:1)
  4 steam dragons
  3 vampire mosquitoes (D:11)
  Menkaure (D:5)
  5 nagas (Lair:2)
  A swamp worm (Lair:3)
  2 acid dragons
  10 water moccasins
  A sky beast (D:6)
  11 orc warriors
  6 black bears
  6 wolves
  3 ogres
  8 centaurs
  2 kobold brigands
  16 bullfrogs
  A scorpion (D:6)
  20 wights
  8 killer bees
  An electric eel (Lair:3)
  A howler monkey (D:7)
  4 hounds
  3 jellies
  6 orc priests
  5 iguanas
  10 orc wizards
  11 adders
  2 shadow imps
  A white imp (D:6)
  3 ufetubi
  A worm (D:4)
  5 dart slugs
  46 orcs
  11 ball pythons
  An endoplasm (D:2)
  2 giant cockroaches
  A hobgoblin (D:1)
  8 jackals
  12 kobolds
  4 quokkas
  4 bats
  2 frilled lizards
  5 goblins
  3 rats (D:1)
379 creatures vanquished.

Notes
Turn   | Place    | Note
-------+----------+-------------------------------------------
     0 | D:1      | Peloso the Minotaur Fighter began the quest for the Orb.
     0 | D:1      | Reached XP level 1. HP: 19/19 MP: 0/0
    82 | D:1      | Found Raqicun's Book Boutique.
   116 | D:1      | Reached XP level 2. HP: 26/27 MP: 1/1
   903 | D:2      | Reached XP level 3. HP: 27/33 MP: 2/2
  1390 | D:2      | Reached skill level 3 in Long Blades
  1851 | D:3      | Reached skill level 1 in Dodging
  1851 | D:3      | Reached XP level 4. HP: 36/41 MP: 3/3
  2535 | D:4      | Found Kaputase's Jewellery Shoppe.
  2541 | D:4      | Reached XP level 5. HP: 27/47 MP: 4/4
  2627 | D:4      | Found Rofriarph's Jewellery Shoppe.
  2694 | D:4      | Found a runed translucent door.
  2701 | D:4      | Noticed paradise's ghost (amateur HOMo)
  2759 | D:4      | Found a radiant altar of Vehumet.
  2794 | D:4      | Found a staircase to the Ecumenical Temple.
  2804 | D:4      | Reached skill level 4 in Long Blades
  2804 | D:4      | Reached skill level 5 in Armour
  2809 | Temple   | Entered the Ecumenical Temple
  2815 | Temple   | Became a worshipper of Warmaster Okawaru
  2916 | D:4      | Found a runed translucent door.
  2923 | D:4      | Found an ornate altar of the Wu Jian Council.
  3020 | D:4      | Found Hasoidus's Antique Weapon Boutique.
  3284 | D:5      | Entered Level 5 of the Dungeon
  3516 | D:5      | Reached XP level 6. HP: 53/53 MP: 5/5
  3537 | D:5      | Reached skill level 5 in Long Blades
  3650 | D:5      | Noticed Menkaure
  3660 | D:5      | Killed Menkaure
  3660 | D:5      | Reached * piety under Okawaru
  3661 | D:5      | Reached skill level 5 in Fighting
  4133 | D:5      | Found a transporter.
  4134 | D:5      | Found Everghacu's Jewellery Emporium.
  4248 | D:5      | Noticed a water moccasin
  4260 | D:5      | Killed a water moccasin
  4261 | D:5      | Reached skill level 6 in Long Blades
  4261 | D:5      | Reached XP level 7. HP: 52/61 MP: 3/6
  4642 | D:5      | Found a transporter.
  5146 | D:6      | Found a glowing silver altar of Zin.
  5173 | D:6      | Reached skill level 5 in Shields
  5183 | D:6      | Reached skill level 7 in Long Blades
  5300 | D:6      | Reached XP level 8. HP: 51/68 MP: 7/7
  5495 | D:6      | Reached ** piety under Okawaru
  5728 | D:6      | Reached skill level 8 in Long Blades
  6883 | D:7      | Reached XP level 9. HP: 77/77 MP: 8/8
  7210 | D:7      | Reached skill level 9 in Long Blades
  7321 | D:7      | Reached *** piety under Okawaru
  7533 | D:8      | Noticed a two-headed ogre
  7823 | D:4      | Bought a runed double sword for 486 gold pieces
  7898 | D:8      | Killed a two-headed ogre
  7899 | D:8      | Reached skill level 10 in Long Blades
  8346 | D:8      | Reached skill level 1 in Invocations
  8346 | D:8      | Reached XP level 10. HP: 41/90 MP: 9/9
  8347 | D:8      | Reached skill level 11 in Long Blades
  8537 | D:8      | Found the +5 robe of Night {Dark Will+ SInv}
  8730 | D:9      | Reached skill level 10 in Armour
  8760 | D:9      | Reached **** piety under Okawaru
  8937 | D:9      | Found a staircase to the Lair.
  8954 | D:9      | Noticed a two-headed ogre
  8959 | D:9      | Killed a two-headed ogre
  9134 | D:9      | Noticed an orange crystal statue
  9148 | D:9      | Killed an orange crystal statue
  9149 | D:9      | Reached skill level 12 in Long Blades
  9191 | D:9      | Found a shimmering altar of Xom.
  9439 | D:9      | Found a blossoming altar of Fedhas.
  9646 | D:9      | Reached ***** piety under Okawaru
  9660 | D:9      | Noticed Joseph
  9676 | D:9      | Killed Joseph
  9905 | D:9      | Reached XP level 11. HP: 30/99 MP: 11/11
 10292 | D:10     | Entered Level 10 of the Dungeon
 10303 | D:10     | Reached skill level 10 in Fighting
 10364 | D:10     | Reached skill level 13 in Long Blades
 11315 | D:11     | Noticed a two-headed ogre
 11320 | D:11     | Killed a two-headed ogre
 11320 | D:11     | Identified the +5 scale mail "Rouvac" {Dex+4 Stlth+}
                  | (Okawaru gifted it to you on level 11 of the Dungeon)
 11320 | D:11     | Received a gift from Okawaru
 11534 | D:11     | Found a portal to a secret trove of treasure.
 12065 | D:11     | Reached skill level 1 in Stealth
 12159 | Lair:1   | Entered Level 1 of the Lair of Beasts
 12159 | Lair:1   | Noticed a catoblepas
 12165 | Lair:1   | Noticed Maggie
 12177 | D:9      | Killed a catoblepas
 12297 | Lair:1   | Killed Maggie
 12310 | Lair:1   | Reached skill level 14 in Long Blades
 12526 | Lair:1   | Noticed Sonja
 12633 | Lair:1   | Killed Sonja
 12639 | Lair:1   | Reached XP level 12. HP: 104/111 MP: 12/12
 13029 | Lair:1   | Received a gift from Okawaru
 13108 | Lair:1   | Reached skill level 15 in Long Blades
 13115 | Lair:1   | Found a snail-covered altar of Cheibriados.
 13430 | Lair:2   | Reached ****** piety under Okawaru
 13458 | Lair:2   | Found a staircase to the Snake Pit.
 13813 | Lair:2   | Noticed a six-headed hydra
 13820 | Lair:2   | Noticed Harold
 13906 | Lair:2   | Killed an eight-headed hydra
 13982 | Lair:2   | Identified the +9 great sword of Checks and Balances
                  | {spect, Fly Int+3 Dex+3 Stlth-} (Okawaru gifted it to you
                  | on level 2 of the Lair of Beasts)
 13982 | Lair:2   | Received a gift from Okawaru
 13990 | Lair:2   | Reached skill level 1 in Evocations
 14268 | Lair:2   | Noticed a five-headed hydra
 14283 | Lair:2   | Killed a 13-headed hydra
 14284 | Lair:2   | Reached skill level 16 in Long Blades
 14447 | Lair:2   | Noticed a five-headed hydra
 14460 | Lair:2   | Killed a 13-headed hydra
 14461 | Lair:2   | Reached skill level 5 in Dodging
 14618 | Lair:2   | Found a transporter.
 14632 | Lair:2   | Noticed a boulder beetle
 14633 | Lair:2   | Found a transporter.
 14633 | Lair:2   | Noticed a boulder beetle
 14770 | Lair:2   | Killed Harold
 14770 | Lair:2   | Identified the scarf of the Big Bang {shadows, Harm}
                  | (Okawaru gifted it to you on level 2 of the Lair of Beasts)
 14770 | Lair:2   | Received a gift from Okawaru
 14771 | Lair:2   | Reached XP level 13. HP: 113/119 MP: 14/14
 15300 | Lair:3   | Reached skill level 10 in Shields
 16637 | Lair:3   | Found a staircase to the Swamp.
 17134 | D:12     | Got the Guidebook on Frigid Conduction
 17254 | D:12     | Received a gift from Okawaru
 17343 | D:12     | Found a staircase to the Orcish Mines.
 17443 | D:12     | Received a gift from Okawaru
 17980 | Orc:1    | Entered Level 1 of the Orcish Mines
 18162 | Orc:1    | Paralysed by an orc sorcerer for 3 turns
 18173 | Orc:1    | Killed from afar by an orc sorcerer

Illustrated notes

Levels and vault maps discovered:
D:1:      dpeg_arrival_tiny_a, layout_basic, serial_shops, shop,
          minmay_heptomino_o4
D:2:      layout_basic, minmay_tall_x
D:3:      layout_basic
D:4:      layout_rooms, nicolae_vehumet_altar_sigil,
          pdpol_wu_jian_five_deadly_venoms, minmay_temple_entry_proselytizer,
          ebering_ghost_sewer_f, serial_shops, shop, nicolae_shop_tiny_glass,
          shop_fountains, nicolae_concentric_dashed_squares_wild
D:5:      layout_layer_cave, serial_shops, nicolae_shop_drivethru,
          serial_rivers, chequers_serial_rivers_micro_d,
          chequers_serial_rivers_micro_a, chequers_serial_rivers_large_a,
          chequers_serial_rivers_room_b, uniq_menkaure
D:6:      layout_loops_ring, mainiacjoe_overflow_cross_hatched
D:7:      layout_rooms, minivault_25, chequers_serial_rivers_large_b,
          serial_bayou_pond_a, grunt_ministairs_11
D:8:      layout_rooms, kennysheep_another_room, solitary_fountain,
          hellmonk_guarded_unrand_night
D:9:      layout_stronghold, grunt_temple_overflow_open,
          due_lair_maze_entry_diamond, minivault_16, uniq_joseph
D:10:     layout_basic, kennysheep_generic_room_15
D:11:     layout_loops_cross, nicolae_trove_entry_columns,
          hangedman_abyss_or_decor_lesser_grid
D:12:     layout_rooms, david_orc_4, introduction_to_nature_2
Temple:   sentei_temple_godly_chess
Lair:1:   layout_cave_shapes, kennysheep_snail_temple, uniq_maggie, uniq_sonja
Lair:2:   gammafunk_boulding_lane, layout_regular_city,
          minmay_snake_entry_guardpost_medium, uniq_harold
Lair:3:   layout_layer_cave, nicolae_swamp_entry_splash_gauntlet,
          beast_lair_carwin_3
Orc:1:    layout_caves

Skill      XL: |  1  2  3  4  5  6  7  8  9 10 11 12 13 |
---------------+----------------------------------------+-----
Fighting       | 4 5 7 8 9 11 12 14 | 14.1
Shields        | 4 5 6 7 8 9 10 | 10.7
Armour         | 4 5 6 7 8 9 10 12 13 | 13.1
Long Blades    | 3 4 6 7 8 10 12 14 16 | 16.9
Dodging        | 1 2 3 5 6 |  6.9
Invocations    | 1 2 |  2.8
Stealth        | 1 2 |  2.7
Evocations     | 1 |  1.6

Action                     |  1- 3 |  4- 6 |  7- 9 | 10-12 | 13-15 || total
---------------------------+-------+-------+-------+-------+-------++-------
  Melee: Long sword        |    82 |    89 |   264 |       |       ||   435
         Headbutt          |    11 |    18 |    49 |   125 |    59 ||   262
         Double sword      |       |       |    30 |   462 |   244 ||   736
 Invoke: Heroism           |       |     1 |     6 |     8 |     1 ||    16
  Evoke: Wand              |       |       |       |     8 |       ||     8
    Use: Potion            |     2 |     1 |     1 |     2 |     3 ||     9
         Scroll            |     7 |     3 |     1 |     9 |     2 ||    22
   Stab: Sleeping          |       |       |       |     3 |     4 ||     7
 Armour: Scale mail        |    69 |     5 |       |   181 |   143 ||   398
         Plate armour      |       |    42 |   169 |   175 |       ||   386
  Dodge: Dodged            |    71 |    22 |    87 |   266 |   175 ||   621
  Block: Buckler           |    29 |    24 |    75 |   166 |   107 ||   401
